 Dungeon Crawl Stone Soup version 0.31-a0-354-g827e0957a7 (webtiles) character file.

Game seed: 18278798273771054520

237 AdnanSaban the Covered (level 6, -3/38 HPs)
             Began as a Gargoyle Fighter on July 24, 2023.
             Slain by Dowan
             ... wielding a +0 dagger
              (5 damage)
             ... on level 4 of the Dungeon.
             The game lasted 00:02:41 (2757 turns).

AdnanSaban the Covered (Gargoyle Fighter)           Turns: 2757, Time: 00:02:41

Health: -3/38      AC: 11    Str: 21    XL:     6   Next: 6%
Magic:  6/6        EV:  9    Int:  9    God:
Gold:   164        SH:  9    Dex:  9    Spells: 5/5 levels left

rFire   . . .        a - +0 flail
rCold   . . .        c - +0 buckler
rNeg    + . .        b - +0 scale mail
rPois   ∞            (no helmet)
rElec   +            (no cloak)
rCorr   +            (no gloves)
SInv    .            (no boots)
Will    .....        m - amulet of reflection Stlth
                     k - ring of resist corrosion
HPRegen 0.26/turn    (no ring)
MPRegen 0.10/turn

%: reflection
@: no status effects
A: sickness immunity, AC +4, negative energy resistance 1, electricity
resistance, torment resistance 1, petrification resistance
a: no special abilities


You were on level 4 of the Dungeon.
You visited 1 branch of the dungeon, and saw 4 of its levels.

You collected 164 gold pieces.

Inventory:

Hand Weapons
 a - a +0 flail (weapon)
Armour
 b - a +0 scale mail (worn)
 c - a +0 buckler (worn)
Jewellery
 k - a ring of resist corrosion (left hand)
 m - an amulet of reflection (around neck)
 t - an amulet of regeneration
Wands
 j - a wand of light (1)
 r - a wand of iceblast (2)
Scrolls
 g - 2 scrolls of fog {unknown}
 l - 6 scrolls of identify {unknown}
 n - a scroll of vulnerability {unknown}
 p - a scroll of poison {unknown}
 q - 3 scrolls of teleportation {unknown}
 u - a scroll of enchant armour {unknown}
Potions
 d - a potion of might
 e - a potion of magic {unknown}
 f - a potion of curing
 h - 2 potions of heal wounds {unknown}
 i - 2 potions of attraction {unknown}
 s - a potion of degeneration {unknown}


   Skills:
 + Level 4.1 Fighting
 + Level 4.0 Maces & Flails
 + Level 4.4 Armour
 + Level 1.0 Dodging
 + Level 4.1 Shields


You had 5 spell levels left.
You didn't know any spells.
Your spell library contained the following spells:

 Spells                   Type           Power      Damage    Failure   Level
 Blink                    Tloc           0%         N/A       89%         2
 Manifold Assault         Tloc           0%         N/A       100%        4


Dungeon Overview and Level Annotations

Branches:
Dungeon (4/15)
 Temple: D:4-7

Altars:
Cheibriados
Dithmenos
Ru

Shops:
D:1 [(

Annotations:
D:4 Dowan, Duvessa


Innate Abilities, Weirdness & Mutations

You are immune to sickness and miasma.
Your stone body is resilient. (AC +4)
You are immune to poison.
You resist negative energy. (rN+)
You are resistant to electric shocks. (rElec)
You are resistant to unholy torment.
You are immune to petrification.


Message History

Dowan casts a spell at you.
You block puff of flame... and reflect it back!
The puff of flame hits Dowan!
Duvessa hits you with a +0 short sword. Duvessa attacks as you move away!
Duvessa hits you with a +0 short sword. You block Duvessa's attack.
Duvessa hits you with a +0 short sword. Duvessa attacks as you move away!
You block Duvessa's attack. Duvessa hits you with a +0 short sword.
You hit Duvessa.
Duvessa is moderately wounded.
Duvessa hits you with a +0 short sword! x2
* * * LOW HITPOINT WARNING * * *
You are too injured to fight recklessly!
You are too injured to fight recklessly!
It was a potion of curing.
You feel better.
Duvessa says, "Where magic fails, the sword succeeds!"
Duvessa hits you but does no damage.
You closely miss Duvessa.
Duvessa is moderately wounded.
Duvessa hits you with a +0 short sword.
* * * LOW HITPOINT WARNING * * *
Dowan smirks and points a slender finger.
You block Duvessa's attack.
You hit Duvessa.
Duvessa is moderately wounded.
You block Duvessa's attack.
Dowan gestures wildly while chanting.
Dowan blinks!
Duvessa hits you with a +0 short sword.
* * * LOW HITPOINT WARNING * * *
Duvessa hits you with a +0 short sword.
* * * LOW HITPOINT WARNING * * *
Duvessa hits you but does no damage. Duvessa says, "Did you see that move?
Perfect!"
Duvessa hits you with a +0 short sword.
* * * LOW HITPOINT WARNING * * *
Duvessa attacks as you move away! Duvessa completely misses you.
Dowan smirks and points a slender finger.
Dowan attacks as you move away! Dowan hits you with a +0 dagger.
You die...

..# ##(..## #.#
##((...##
#..##.)###..##
#...<## ##..##
##..## ##..#
##...# ##..
#####....## #..
#.........#
###..
##.@####...#
###.... #ee##
#...# #.....#
###### #..#
##..###.....##
#....## ##.##
##..## #.##..##
#.....####..#
#..## #.###..#
#..#.......##
#..# ###..##...
#.####....##
#.## #.........
#.# #....##
#..# #..##.....
#.# #.....#
#..###.####..._


You could see Duvessa (fast) and Dowan.

Vanquished Creatures
  A phantom (D:4)
  An orc priest (D:4)
  7 adders
  A dart slug (D:2)
  6 orcs (D:4)
  7 endoplasms
  A giant cockroach (D:1)
  5 hobgoblins
  6 jackals
  5 kobolds
  4 quokkas
  5 ball pythons
  5 bats
  A frilled lizard (D:2)
  3 goblins
  3 rats
61 creatures vanquished.

Notes
Turn   | Place    | Note
-------+----------+-------------------------------------------
     0 | D:1      | AdnanSaban the Gargoyle Fighter began the quest for the
                  | Orb.
     0 | D:1      | Reached XP level 1. HP: 14/14 MP: 1/1
   147 | D:1      | Reached XP level 2. HP: 11/19 MP: 2/2
   179 | D:1      | Found Ojiagg's Weapon Boutique.
   373 | D:1      | Found Fuloen's Antique Armour Boutique.
   797 | D:2      | Reached XP level 3. HP: 24/24 MP: 3/3
   925 | D:2      | Reached XP level 4. HP: 27/29 MP: 4/4
  1907 | D:4      | Found a shadowy altar of Dithmenos.
  1971 | D:4      | Reached XP level 5. HP: 33/33 MP: 5/5
  2014 | D:4      | Noticed a phantom
  2035 | D:4      | Killed a phantom
  2162 | D:4      | Noticed Dowan
  2163 | D:4      | Noticed Duvessa
  2277 | D:4      | Reached XP level 6. HP: 30/38 MP: 6/6
  2285 | D:4      | Reached skill level 1 in Dodging
  2383 | D:4      | Found a snail-covered altar of Cheibriados.
  2462 | D:4      | Found a sacrificial altar of Ru.
  2755 | D:4      | HP: 1/38 [Duvessa/+0 short sword (4)]
  2757 | D:4      | Slain by Dowan

Illustrated notes

Levels and vault maps discovered:
D:1:      dpeg_arrival_more_subterranean_lakeside_camping, layout_loops_ring,
          serial_shops, shop, shop
D:2:      layout_rooms, dreamdust_mushroom_princess, grunt_ministairs_1
D:3:      layout_loops_ring
D:4:      layout_layer_cave, kennysheep_little_box, hangedman_ru_absence,
          nicolae_dithmenos_shadow_blocks, mainiacjoe_overflow_tiny_flanked,
          uniq_duvessa

Skill      XL: |  1  2  3  4  5  6 |
---------------+-------------------+-----
Armour         | 4 |  4.4
Maces & Flails | 3 4 |  4.0
Fighting       | 4 |  4.1
Shields        | 4 |  4.1
Dodging        | 1 |  1.0

Action                     |  1- 3 |  4- 6 || total
---------------------------+-------+-------++-------
  Melee: Flail             |   114 |   132 ||   246
  Throw: Dart              |       |     4 ||     4
    Use: Potion            |       |     1 ||     1
 Armour: Scale mail        |    56 |    69 ||   125
  Dodge: Dodged            |    61 |    56 ||   117
  Block: Buckler           |    20 |    70 ||    90
         Reflection        |       |     2 ||     2

Table legend: (Time is in decaauts)
 A = Elapsed time spent in this place.
 B = Non-inter-level travel time spent in this place.
 C = Inter-level travel time spent in this place.
 D = Time resting spent in this place.
 E = Time spent auto-exploring this place.
 F = Levels seen in this place.
 G = Mean time per level.
                   A        B        C        D        E       F      G
               +--------+--------+--------+--------+--------+-----+--------+
         Total |   2833 |   2720 |    113 |    133 |   2042 |   4 |  708.2 |
       Dungeon |   2833 |   2720 |    113 |    133 |   2042 |   4 |  708.2 |
               +--------+--------+--------+--------+--------+-----+--------+

Top non-repeatable levels by time:
     D:4: 839 daAuts
     D:1: 781 daAuts
     D:3: 631 daAuts
     D:2: 580 daAuts
